Capitals vs Blues

Created - 13 février 2025 at 20:18

Goals
1 2 3 T
Capitals 1 0 1 2
Blues 1 1 1 3
Shots
1 2 3 T
Capitals 8 11 8 27
Blues 8 8 10 26

GoalsPenalties
1st period
1. Blues , Clayton Keller 20 (Kris Letang 43, Nico Hischier 30) at 13:00
2. Capitals , Jordan Greenway 16 (Pavel Zacha 14, Alec Martinez 14) at 17:03
Michael McLeod (STL) for Holding (Minor) at 1:14
Tyson Foerster (WSH) for Hooking (Minor) at 18:01
2nd period
3. Blues , Jack Eichel 22 (Kris Letang 44, Sean Monahan 22) at 10:27
Kris Letang (STL) for Interference (Minor) at 7:15
Alex Vlasic (WSH) for Hooking (Minor) at 15:43
3rd period
4. Capitals , Connor Bedard 6 (Elias Pettersson 33, Jeff Petry 18) at 0:13
5. Blues , Michael McLeod 7 (Ondrej Palat 10, Brian Dumoulin 11) at 19:43
Alex Vlasic (WSH) for Close Hand On Puck (Minor) at 0:28
Goalie Stats
Petr Mrazek (WSH), 23 saves from 26 shots - (0,885), L, 13-20-0, 59:47 minutes
Carter Hart (STL), 25 saves from 27 shots - (0,926), W, 16-6-1, 60:00 minutes
3 StarsOfficial
1 - Kris Letang (STL)
2 - Jack Eichel (STL)
3 - Jordan Greenway (WSH)
Referees : Trevor Hanson and Steve Kozari
Linesman : Luke Murray and Kyle Flemington
Game Note
No Game Note
Finance
Level 1 -- Attendance: 6328 (97,35%) -- Ticket Income $664,440
Level 2 -- Attendance: 5000 (100,00%) -- Ticket Income $375,000
Level 3 -- Attendance: 3105 (88,71%) -- Ticket Income $155,250
Level 4 -- Attendance: 1562 (100,00%) -- Ticket Income $60,918
Luxury Box -- Attendance: 957 (95,70%) -- Ticket Income $190,443
Game was played at the Scottrade Center.
Total Attendance: 16952 (96,53%)
Total Ticket Income: $1,446,051
Other Income: $361,513
Total Income: $1,807,564



Team Name Goals Shots Shots Attemp Shots Blocked PIM HIT PP PK FO%
Capitals 22746176170 / 2 (0%)054%
Blues 3267154230 / 3 (0%)046%

Capitals
Player Name POS G A P +/- PIM HIT SHT SB MP PP MP PP SHT PK MP PK SHT FO% FOT
Alec MartinezD0110002320:451:4303:0400% 0
Alex VlasicD0000430318:341:4300:5500% 0
Connor BedardC1010003019:530:0000:0000% 0
David KampfC000000000:000:0000:0000% 0
Drew O'ConnorLW000-2010118:492:1503:1900% 1
Elias PetterssonC0110014222:502:1503:45153% 34
Filip ZadinaRW000000000:000:0000:0000% 0
Jeff PetryD0110021124:072:1512:5900% 0
Jonas SiegenthalerD000-1000115:140:0000:0000% 0
Jordan GreenwayLW1011015020:521:4312:12050% 2
Michael RasmussenC000-2012112:590:0000:00083% 12
Morgan FrostC000-2012016:530:0000:35033% 3
Nicolas HagueD000-1040217:170:0002:0300% 0
Noah DobsonD0000001324:012:1502:5300% 0
Pavel ZachaC0111003020:431:4312:03048% 25
Quinton ByfieldRW0000012022:242:1500:0000% 1
Tyler JohnsonC000000000:000:0000:0000% 0
Tyson FoersterRW0001222018:391:4300:0000% 0
Blues
Player Name POS G A P +/- PIM HIT SHT SB MP PP MP PP SHT PK MP PK SHT FO% FOT
Auston MatthewsC0000044021:103:1800:43052% 21
Brandon SaadLW0000001018:462:3900:0600% 0
Brian DumoulinD0111010013:080:0001:5700% 0
Cale MakarD000-1040126:303:3802:0100% 0
Clayton KellerRW1010013120:313:3800:0000% 0
Conor ShearyLW000000105:290:0000:0000% 1
Curtis LazarC000002008:000:0002:31060% 5
Filip HronekD000-2040022:020:0001:5700% 0
Jack EichelC1010024018:422:4100:0000% 2
Jack QuinnRW0001001014:423:1610:0000% 0
Kris LetangD0222220122:112:1901:0400% 0
Michael McLeodC1011212012:450:0001:20053% 17
Miles WoodLW000000105:290:0000:0000% 0
Nico HischierC0110001022:223:1801:55033% 3
Olen ZellwegerD0001000011:110:0000:0000% 0
Ondrej PalatLW0111000011:260:0000:0000% 2
Sean MonahanC0110016220:172:3921:21044% 27
Tony DeAngeloD0001012021:192:1920:5700% 0



Play-by-Play

1st period


0:01 of 1st period - Auston Matthews wins face-off versus Elias Pettersson in neutral zone.
0:06 of 1st period - Shot by Clayton Keller.
0:06 of 1st period - Shot Misses the Net.
0:34 of 1st period - Shot by Auston Matthews.
0:34 of 1st period - Shot Blocked by Noah Dobson.
0:36 of 1st period - Shot by Nico Hischier.
0:36 of 1st period - Stopped by Petr Mrazek without a rebound.
0:37 of 1st period - Pavel Zacha wins face-off versus Sean Monahan in Capitals zone.
1:06 of 1st period - Shot by Brandon Saad.
1:06 of 1st period - Shot Blocked by Alex Vlasic.
1:08 of 1st period - Shot by Brandon Saad.
1:08 of 1st period - Stopped by Petr Mrazek without a rebound.
1:09 of 1st period - Michael Rasmussen wins face-off versus Ondrej Palat in Capitals zone.
1:09 of 1st period - Michael Rasmussen is hit by Michael McLeod.
1:14 of 1st period - Minor Penalty to Michael McLeod for Holding.
1:15 of 1st period - Nico Hischier wins face-off versus Elias Pettersson in Blues zone.
1:31 of 1st period - Noah Dobson is hit by Cale Makar and loses puck.
1:48 of 1st period - Shot by Noah Dobson.
1:48 of 1st period - Shot Blocked by Sean Monahan.
1:50 of 1st period - Shot by Jeff Petry.
1:50 of 1st period - Stopped by Carter Hart without a rebound.
1:51 of 1st period - Pavel Zacha wins face-off versus Auston Matthews in Blues zone.
1:52 of 1st period - Shot by Jordan Greenway.
1:52 of 1st period - Shot Misses the Net.
3:55 of 1st period - Icing by Jonas Siegenthaler.
3:56 of 1st period - Sean Monahan wins face-off versus Morgan Frost in Capitals zone.
4:32 of 1st period - Icing by Jack Eichel.
4:33 of 1st period - Sean Monahan wins face-off versus Pavel Zacha in Blues zone.
4:33 of 1st period - Jack Eichel is hit by Tyson Foerster and loses puck.
4:44 of 1st period - Shot by Pavel Zacha.
4:44 of 1st period - Deflect By Tyson Foerster.
4:44 of 1st period - Stopped by Carter Hart without a rebound.
4:45 of 1st period - Auston Matthews wins face-off versus Pavel Zacha in Blues zone.
4:50 of 1st period - Alex Vlasic is hit by Auston Matthews and loses puck.
5:06 of 1st period - Shot by Auston Matthews.
5:06 of 1st period - Stopped by Petr Mrazek with a rebound.
5:16 of 1st period - Shot by Clayton Keller.
5:16 of 1st period - Stopped by Petr Mrazek without a rebound.
5:17 of 1st period - Michael Rasmussen wins face-off versus Curtis Lazar in Capitals zone.
5:19 of 1st period - Icing by Noah Dobson.
5:20 of 1st period - Morgan Frost wins face-off versus Sean Monahan in Capitals zone.
6:14 of 1st period - Morgan Frost is hit by Kris Letang and loses puck.
7:37 of 1st period - Shot by Jordan Greenway.
7:37 of 1st period - Stopped by Carter Hart without a rebound.
7:38 of 1st period - Michael Rasmussen wins face-off versus Michael McLeod in Blues zone.
7:47 of 1st period - Icing by Noah Dobson.
7:48 of 1st period - Curtis Lazar wins face-off versus Michael Rasmussen in Capitals zone.
8:31 of 1st period - Jeff Petry is hit by Cale Makar and loses puck.
9:11 of 1st period - Off-side.
9:12 of 1st period - Michael McLeod wins face-off versus Elias Pettersson in neutral zone.
9:30 of 1st period - Icing by Alex Vlasic.
9:31 of 1st period - Auston Matthews wins face-off versus Elias Pettersson in Capitals zone.
9:48 of 1st period - Shot by Auston Matthews.
9:48 of 1st period - Shot Blocked by Alec Martinez.
10:05 of 1st period - Shot by Elias Pettersson.
10:05 of 1st period - Deflect By Quinton Byfield.
10:05 of 1st period - Stopped by Carter Hart with a rebound.
10:26 of 1st period - Off-side.
10:27 of 1st period - Pavel Zacha wins face-off versus Jack Eichel in neutral zone.
10:54 of 1st period - Off-side.
10:55 of 1st period - Michael McLeod wins face-off versus Elias Pettersson in neutral zone.
11:05 of 1st period - Icing by Tony DeAngelo.
11:06 of 1st period - Michael Rasmussen wins face-off versus Michael McLeod in Blues zone.
11:10 of 1st period - Drew O'Connor is hit by Tony DeAngelo.
11:21 of 1st period - Icing by Kris Letang.
11:22 of 1st period - Elias Pettersson wins face-off versus Michael McLeod in Blues zone.
11:23 of 1st period - Shot by Alec Martinez.
11:23 of 1st period - Stopped by Carter Hart without a rebound.
11:24 of 1st period - Elias Pettersson wins face-off versus Sean Monahan in Blues zone.
11:42 of 1st period - Shot by Quinton Byfield.
11:42 of 1st period - Stopped by Carter Hart without a rebound.
11:43 of 1st period - Michael McLeod wins face-off versus Pavel Zacha in Blues zone.
11:58 of 1st period - Shot by Michael McLeod.
11:58 of 1st period - Stopped by Petr Mrazek without a rebound.
11:59 of 1st period - Elias Pettersson wins face-off versus Sean Monahan in Capitals zone.
12:17 of 1st period - Filip Hronek is hit by Jeff Petry and loses puck.
13:00 of 1st period - Shot by Clayton Keller.
13:00 of 1st period - Goal by Clayton Keller - Capitals : 0 - Blues : 1.
13:01 of 1st period - Pavel Zacha wins face-off versus Michael McLeod in neutral zone.
13:51 of 1st period - Icing by Alec Martinez.
13:52 of 1st period - Auston Matthews wins face-off versus Pavel Zacha in Capitals zone.
14:12 of 1st period - Shot by Clayton Keller.
14:12 of 1st period - Shot Misses the Net.
14:14 of 1st period - Shot by Filip Hronek.
14:14 of 1st period - Shot Misses the Net.
14:48 of 1st period - Shot by Sean Monahan.
14:48 of 1st period - Stopped by Petr Mrazek without a rebound.
14:49 of 1st period - Sean Monahan wins face-off versus Elias Pettersson in Capitals zone.
15:50 of 1st period - Shot by Conor Sheary.
15:50 of 1st period - Shot Blocked by Jeff Petry.
15:52 of 1st period - Shot by Olen Zellweger.
15:52 of 1st period - Shot Misses the Net.
15:54 of 1st period - Shot by Curtis Lazar.
15:54 of 1st period - Shot Misses the Net.
16:02 of 1st period - Shot by Conor Sheary.
16:02 of 1st period - Stopped by Petr Mrazek without a rebound.
16:03 of 1st period - Michael Rasmussen wins face-off versus Auston Matthews in Capitals zone.
16:03 of 1st period - Michael Rasmussen is hit by Auston Matthews.
16:44 of 1st period - Shot by Morgan Frost.
16:44 of 1st period - Shot Hit the Post.
16:46 of 1st period - Shot by Michael Rasmussen.
16:46 of 1st period - Deflect By Morgan Frost.
16:46 of 1st period - Shot Misses the Net.
16:53 of 1st period - Icing by Cale Makar.
16:54 of 1st period - Pavel Zacha wins face-off versus Nico Hischier in Blues zone.
16:57 of 1st period - Shot by Jordan Greenway.
16:57 of 1st period - Shot Blocked by Clayton Keller.
17:01 of 1st period - Shot by Pavel Zacha.
17:01 of 1st period - Stopped by Carter Hart with a rebound.
17:03 of 1st period - Shot by Jordan Greenway.
17:03 of 1st period - Goal by Jordan Greenway - Capitals : 1 - Blues : 1.
17:04 of 1st period - Sean Monahan wins face-off versus Elias Pettersson in neutral zone.
17:34 of 1st period - Icing by Tony DeAngelo.
17:35 of 1st period - Sean Monahan wins face-off versus Jordan Greenway in Blues zone.
17:40 of 1st period - Pavel Zacha is hit by Jack Eichel and loses puck.
18:01 of 1st period - Minor Penalty to Tyson Foerster for Hooking.
18:02 of 1st period - Elias Pettersson wins face-off versus Auston Matthews in Capitals zone.
18:37 of 1st period - Shot by Auston Matthews.
18:37 of 1st period - Shot Misses the Net.
18:39 of 1st period - Shot by Clayton Keller.
18:39 of 1st period - Shot Blocked by Elias Pettersson.
18:41 of 1st period - Shot by Cale Makar.
18:41 of 1st period - Shot Blocked by Alex Vlasic.
19:45 of 1st period - Nico Hischier is hit by Alex Vlasic and loses puck.
Goals for this period are 1 for Capitals vs 1 for Blues.
Shots for this period are 8 for Capitals vs 8 for Blues.

2nd period


0:01 of 2nd period - Curtis Lazar wins face-off versus Elias Pettersson in neutral zone.
0:35 of 2nd period - Off-side.
0:36 of 2nd period - Auston Matthews wins face-off versus Pavel Zacha in neutral zone.
0:59 of 2nd period - Shot by Auston Matthews.
0:59 of 2nd period - Deflect By Nico Hischier.
0:59 of 2nd period - Shot Misses the Net.
1:18 of 2nd period - Shot by Auston Matthews.
1:18 of 2nd period - Shot Blocked by Alex Vlasic.
2:08 of 2nd period - Shot by Elias Pettersson.
2:08 of 2nd period - Shot Misses the Net.
2:18 of 2nd period - Shot by Elias Pettersson.
2:18 of 2nd period - Stopped by Carter Hart without a rebound.
2:19 of 2nd period - Michael Rasmussen wins face-off versus Sean Monahan in Blues zone.
2:19 of 2nd period - Morgan Frost is hit by Brian Dumoulin and loses puck.
2:59 of 2nd period - Off-side.
3:00 of 2nd period - Auston Matthews wins face-off versus Elias Pettersson in neutral zone.
3:05 of 2nd period - Shot by Nico Hischier.
3:05 of 2nd period - Shot Misses the Net.
3:07 of 2nd period - Shot by Clayton Keller.
3:07 of 2nd period - Shot Blocked by Noah Dobson.
3:37 of 2nd period - Shot by Connor Bedard.
3:37 of 2nd period - Shot Misses the Net.
3:44 of 2nd period - Off-side.
3:45 of 2nd period - Jordan Greenway wins face-off versus Michael McLeod in neutral zone.
3:48 of 2nd period - Shot by Alec Martinez.
3:48 of 2nd period - Stopped by Carter Hart without a rebound.
3:49 of 2nd period - Sean Monahan wins face-off versus Pavel Zacha in Blues zone.
4:09 of 2nd period - Shot by Pavel Zacha.
4:09 of 2nd period - Shot Misses the Net.
4:11 of 2nd period - Shot by Jordan Greenway.
4:11 of 2nd period - Stopped by Carter Hart without a rebound.
4:12 of 2nd period - Michael McLeod wins face-off versus Michael Rasmussen in Blues zone.
4:12 of 2nd period - Michael McLeod is hit by Drew O'Connor.
4:28 of 2nd period - Shot by Jack Quinn.
4:28 of 2nd period - Shot Misses the Net.
5:08 of 2nd period - Auston Matthews is hit by Michael Rasmussen and loses puck.
5:15 of 2nd period - Shot by Clayton Keller.
5:15 of 2nd period - Shot Misses the Net.
5:17 of 2nd period - Shot by Clayton Keller.
5:17 of 2nd period - Shot Misses the Net.
5:23 of 2nd period - Shot by Clayton Keller.
5:23 of 2nd period - Stopped by Petr Mrazek without a rebound.
5:24 of 2nd period - Elias Pettersson wins face-off versus Sean Monahan in Capitals zone.
5:31 of 2nd period - Shot by Elias Pettersson.
5:31 of 2nd period - Shot Blocked by Sean Monahan.
5:33 of 2nd period - Shot by Connor Bedard.
5:33 of 2nd period - Deflect By Elias Pettersson.
5:33 of 2nd period - Shot Misses the Net.
5:35 of 2nd period - Shot by Elias Pettersson.
5:35 of 2nd period - Deflect By Connor Bedard.
5:35 of 2nd period - Stopped by Carter Hart without a rebound.
5:36 of 2nd period - Auston Matthews wins face-off versus Pavel Zacha in Blues zone.
6:55 of 2nd period - Sean Monahan is hit by Jeff Petry and loses puck.
7:13 of 2nd period - Elias Pettersson is hit by Kris Letang and loses puck.
7:15 of 2nd period - Minor Penalty to Kris Letang for Interference.
7:16 of 2nd period - Elias Pettersson wins face-off versus Michael McLeod in Blues zone.
7:40 of 2nd period - Elias Pettersson is hit by Filip Hronek and loses puck.
8:06 of 2nd period - Shot by Pavel Zacha.
8:06 of 2nd period - Stopped by Carter Hart without a rebound.
8:07 of 2nd period - Michael McLeod wins face-off versus Pavel Zacha in Blues zone.
8:07 of 2nd period - Michael McLeod is hit by Jordan Greenway.
8:29 of 2nd period - Shot by Jordan Greenway.
8:29 of 2nd period - Stopped by Carter Hart without a rebound.
8:30 of 2nd period - Michael McLeod wins face-off versus Elias Pettersson in Blues zone.
10:25 of 2nd period - Shot by Sean Monahan.
10:25 of 2nd period - Stopped by Petr Mrazek with a rebound.
10:27 of 2nd period - Shot by Kris Letang.
10:27 of 2nd period - Deflect By Jack Eichel.
10:27 of 2nd period - Goal by Jack Eichel - Capitals : 1 - Blues : 2.
10:28 of 2nd period - Michael McLeod wins face-off versus Pavel Zacha in neutral zone.
10:36 of 2nd period - Ondrej Palat is hit by Alex Vlasic and loses puck.
10:46 of 2nd period - Off-side.
10:47 of 2nd period - Curtis Lazar wins face-off versus Elias Pettersson in neutral zone.
11:37 of 2nd period - Icing by Noah Dobson.
11:38 of 2nd period - Elias Pettersson wins face-off versus Sean Monahan in Capitals zone.
11:38 of 2nd period - Elias Pettersson is hit by Sean Monahan.
11:49 of 2nd period - Icing by Jack Eichel.
11:50 of 2nd period - Sean Monahan wins face-off versus Pavel Zacha in Blues zone.
11:50 of 2nd period - Sean Monahan is hit by Tyson Foerster.
12:09 of 2nd period - Sean Monahan is hit by Alex Vlasic and loses puck.
12:59 of 2nd period - Shot by Auston Matthews.
12:59 of 2nd period - Shot Misses the Net.
13:07 of 2nd period - Shot by Nico Hischier.
13:07 of 2nd period - Shot Blocked by Drew O'Connor.
13:53 of 2nd period - Shot by Michael McLeod.
13:53 of 2nd period - Deflect By Jack Quinn.
13:53 of 2nd period - Shot Blocked by Michael Rasmussen.
13:59 of 2nd period - Shot by Olen Zellweger.
13:59 of 2nd period - Shot Misses the Net.
14:11 of 2nd period - Off-side.
14:12 of 2nd period - Elias Pettersson wins face-off versus Conor Sheary in neutral zone.
14:47 of 2nd period - Shot by Elias Pettersson.
14:47 of 2nd period - Shot Misses the Net.
14:49 of 2nd period - Shot by Noah Dobson.
14:49 of 2nd period - Stopped by Carter Hart without a rebound.
14:50 of 2nd period - Sean Monahan wins face-off versus Pavel Zacha in Blues zone.
14:56 of 2nd period - Icing by Alex Vlasic.
14:57 of 2nd period - Pavel Zacha wins face-off versus Auston Matthews in Capitals zone.
15:10 of 2nd period - Shot by Clayton Keller.
15:10 of 2nd period - Shot Blocked by Alec Martinez.
15:12 of 2nd period - Shot by Nico Hischier.
15:12 of 2nd period - Shot Misses the Net.
15:28 of 2nd period - Shot by Auston Matthews.
15:28 of 2nd period - Shot Blocked by Alec Martinez.
15:42 of 2nd period - Shot by Auston Matthews.
15:42 of 2nd period - Stopped by Petr Mrazek with a rebound.
15:43 of 2nd period - Minor Penalty to Alex Vlasic for Hooking.
15:44 of 2nd period - Elias Pettersson wins face-off versus Sean Monahan in Capitals zone.
15:50 of 2nd period - Icing by Tony DeAngelo.
15:51 of 2nd period - Sean Monahan wins face-off versus Elias Pettersson in Blues zone.
15:58 of 2nd period - Shot by Sean Monahan.
15:58 of 2nd period - Shot Misses the Net.
16:00 of 2nd period - Shot by Tony DeAngelo.
16:00 of 2nd period - Shot Misses the Net.
16:02 of 2nd period - Shot by Sean Monahan.
16:02 of 2nd period - Stopped by Petr Mrazek with a rebound.
16:07 of 2nd period - Shot by Tony DeAngelo.
16:07 of 2nd period - Stopped by Petr Mrazek without a rebound.
16:08 of 2nd period - Auston Matthews wins face-off versus Elias Pettersson in Capitals zone.
16:13 of 2nd period - Shot by Jack Eichel.
16:13 of 2nd period - Shot Blocked by Elias Pettersson.
16:25 of 2nd period - Shot by Elias Pettersson.
16:25 of 2nd period - Stopped by Carter Hart without a rebound.
16:26 of 2nd period - Elias Pettersson wins face-off versus Sean Monahan in Blues zone.
16:47 of 2nd period - Shot by Tony DeAngelo.
16:47 of 2nd period - Stopped by Petr Mrazek with a rebound.
16:49 of 2nd period - Shot by Kris Letang.
16:49 of 2nd period - Shot Misses the Net.
16:51 of 2nd period - Shot by Sean Monahan.
16:51 of 2nd period - Shot Misses the Net.
16:53 of 2nd period - Shot by Jack Quinn.
16:53 of 2nd period - Stopped by Petr Mrazek without a rebound.
16:54 of 2nd period - Pavel Zacha wins face-off versus Auston Matthews in Capitals zone.
17:44 of 2nd period - Shot by Nico Hischier.
17:44 of 2nd period - Deflect By Jack Quinn.
17:44 of 2nd period - Shot Misses the Net.
17:46 of 2nd period - Shot by Michael McLeod.
17:46 of 2nd period - Shot Misses the Net.
19:00 of 2nd period - Shot by Jordan Greenway.
19:00 of 2nd period - Shot Blocked by Kris Letang.
19:21 of 2nd period - Icing by Tony DeAngelo.
19:22 of 2nd period - Michael McLeod wins face-off versus Elias Pettersson in Blues zone.
19:34 of 2nd period - Icing by Elias Pettersson.
19:35 of 2nd period - Sean Monahan wins face-off versus Elias Pettersson in Capitals zone.
19:35 of 2nd period - Cale Makar is hit by Nicolas Hague and loses puck.
19:46 of 2nd period - Shot by Elias Pettersson.
19:46 of 2nd period - Stopped by Carter Hart without a rebound.
19:47 of 2nd period - Michael Rasmussen wins face-off versus Auston Matthews in Blues zone.
19:48 of 2nd period - Shot by Drew O'Connor.
19:48 of 2nd period - Shot Misses the Net.
19:50 of 2nd period - Shot by Morgan Frost.
19:50 of 2nd period - Shot Misses the Net.
19:52 of 2nd period - Shot by Alec Martinez.
19:52 of 2nd period - Shot Misses the Net.
19:54 of 2nd period - Shot by Michael Rasmussen.
19:54 of 2nd period - Stopped by Carter Hart with a rebound.
19:56 of 2nd period - Shot by Morgan Frost.
19:56 of 2nd period - Stopped by Carter Hart without a rebound.
19:57 of 2nd period - Pavel Zacha wins face-off versus Sean Monahan in Blues zone.
Goals for this period are 0 for Capitals vs 1 for Blues.
Shots for this period are 11 for Capitals vs 8 for Blues.

3rd period


0:01 of 3rd period - Elias Pettersson wins face-off versus Jack Eichel in neutral zone.
0:11 of 3rd period - Shot by Elias Pettersson.
0:11 of 3rd period - Shot Misses the Net.
0:13 of 3rd period - Shot by Connor Bedard.
0:13 of 3rd period - Goal by Connor Bedard - Capitals : 2 - Blues : 2.
0:14 of 3rd period - Pavel Zacha wins face-off versus Auston Matthews in neutral zone.
0:28 of 3rd period - Minor Penalty to Alex Vlasic for Close Hand On Puck.
0:29 of 3rd period - Elias Pettersson wins face-off versus Sean Monahan in Capitals zone.
0:58 of 3rd period - Shot by Cale Makar.
0:58 of 3rd period - Shot Misses the Net.
1:00 of 3rd period - Shot by Sean Monahan.
1:00 of 3rd period - Stopped by Petr Mrazek with a rebound.
1:22 of 3rd period - Pavel Zacha is hit by Auston Matthews and loses puck.
2:40 of 3rd period - Noah Dobson is hit by Curtis Lazar and loses puck.
3:29 of 3rd period - Michael McLeod is hit by Morgan Frost and loses puck.
3:49 of 3rd period - Icing by Michael McLeod.
3:50 of 3rd period - Pavel Zacha wins face-off versus Michael McLeod in Blues zone.
4:59 of 3rd period - Shot by Jack Eichel.
4:59 of 3rd period - Deflect By Brandon Saad.
4:59 of 3rd period - Shot Blocked by Jonas Siegenthaler.
5:01 of 3rd period - Shot by Kris Letang.
5:01 of 3rd period - Shot Misses the Net.
5:05 of 3rd period - Shot by Sean Monahan.
5:05 of 3rd period - Shot Misses the Net.
5:14 of 3rd period - Icing by Pavel Zacha.
5:15 of 3rd period - Auston Matthews wins face-off versus Pavel Zacha in Capitals zone.
5:17 of 3rd period - Nico Hischier is hit by Nicolas Hague and loses puck.
5:24 of 3rd period - Shot by Nico Hischier.
5:24 of 3rd period - Shot Misses the Net.
5:26 of 3rd period - Shot by Auston Matthews.
5:26 of 3rd period - Shot Blocked by Nicolas Hague.
5:28 of 3rd period - Shot by Auston Matthews.
5:28 of 3rd period - Stopped by Petr Mrazek without a rebound.
5:29 of 3rd period - Elias Pettersson wins face-off versus Curtis Lazar in Capitals zone.
5:29 of 3rd period - Elias Pettersson is hit by Curtis Lazar.
5:59 of 3rd period - Shot by Miles Wood.
5:59 of 3rd period - Stopped by Petr Mrazek without a rebound.
6:00 of 3rd period - Auston Matthews wins face-off versus Morgan Frost in Capitals zone.
6:36 of 3rd period - Morgan Frost is hit by Cale Makar and loses puck.
6:53 of 3rd period - Alec Martinez is hit by Filip Hronek and loses puck.
7:04 of 3rd period - Shot by Elias Pettersson.
7:04 of 3rd period - Shot Blocked by Cale Makar.
7:14 of 3rd period - Shot by Connor Bedard.
7:14 of 3rd period - Stopped by Carter Hart without a rebound.
7:15 of 3rd period - Elias Pettersson wins face-off versus Sean Monahan in Blues zone.
7:41 of 3rd period - Sean Monahan is hit by Nicolas Hague and loses puck.
7:51 of 3rd period - Jack Eichel is hit by Nicolas Hague and loses puck.
10:00 of 3rd period - Shot by Auston Matthews.
10:00 of 3rd period - Shot Misses the Net.
10:23 of 3rd period - Off-side.
10:24 of 3rd period - Elias Pettersson wins face-off versus Sean Monahan in neutral zone.
10:35 of 3rd period - Olen Zellweger is hit by Quinton Byfield.
12:11 of 3rd period - Icing by Filip Hronek.
12:12 of 3rd period - Michael McLeod wins face-off versus Elias Pettersson in Blues zone.
12:12 of 3rd period - Michael McLeod is hit by Elias Pettersson.
12:54 of 3rd period - Shot by Auston Matthews.
12:54 of 3rd period - Stopped by Petr Mrazek without a rebound.
12:55 of 3rd period - Sean Monahan wins face-off versus Drew O'Connor in Capitals zone.
12:58 of 3rd period - Shot by Jack Eichel.
12:58 of 3rd period - Stopped by Petr Mrazek without a rebound.
12:59 of 3rd period - Michael Rasmussen wins face-off versus Sean Monahan in Capitals zone.
13:06 of 3rd period - Shot by Michael Rasmussen.
13:06 of 3rd period - Stopped by Carter Hart with a rebound.
13:14 of 3rd period - Shot by Jack Eichel.
13:14 of 3rd period - Stopped by Petr Mrazek with a rebound.
13:16 of 3rd period - Shot by Brandon Saad.
13:16 of 3rd period - Shot Misses the Net.
13:18 of 3rd period - Shot by Sean Monahan.
13:18 of 3rd period - Stopped by Petr Mrazek with a rebound.
13:20 of 3rd period - Shot by Brian Dumoulin.
13:20 of 3rd period - Shot Misses the Net.
13:22 of 3rd period - Shot by Sean Monahan.
13:22 of 3rd period - Shot Blocked by Noah Dobson.
13:24 of 3rd period - Shot by Sean Monahan.
13:24 of 3rd period - Stopped by Petr Mrazek without a rebound.
13:25 of 3rd period - Auston Matthews wins face-off versus Pavel Zacha in Capitals zone.
14:03 of 3rd period - Shot by Tyson Foerster.
14:03 of 3rd period - Stopped by Carter Hart without a rebound.
14:04 of 3rd period - Sean Monahan wins face-off versus Quinton Byfield in Blues zone.
14:47 of 3rd period - Shot by Sean Monahan.
14:47 of 3rd period - Deflect By Jack Eichel.
14:47 of 3rd period - Stopped by Petr Mrazek without a rebound.
14:48 of 3rd period - Pavel Zacha wins face-off versus Auston Matthews in Capitals zone.
15:14 of 3rd period - Jordan Greenway is hit by Clayton Keller and loses puck.
15:24 of 3rd period - Pavel Zacha is hit by Cale Makar and loses puck.
15:50 of 3rd period - Icing by Nicolas Hague.
15:51 of 3rd period - Michael Rasmussen wins face-off versus Sean Monahan in Capitals zone.
16:06 of 3rd period - Shot by Morgan Frost.
16:06 of 3rd period - Stopped by Carter Hart with a rebound.
16:26 of 3rd period - Shot by Nicolas Hague.
16:26 of 3rd period - Shot Misses the Net.
17:07 of 3rd period - Shot by Noah Dobson.
17:07 of 3rd period - Deflect By Elias Pettersson.
17:07 of 3rd period - Stopped by Carter Hart without a rebound.
17:08 of 3rd period - Pavel Zacha wins face-off versus Michael McLeod in Blues zone.
17:28 of 3rd period - Shot by Jordan Greenway.
17:28 of 3rd period - Shot Misses the Net.
17:42 of 3rd period - Shot by Jordan Greenway.
17:42 of 3rd period - Stopped by Carter Hart without a rebound.
17:43 of 3rd period - Elias Pettersson wins face-off versus Auston Matthews in Blues zone.
17:50 of 3rd period - Noah Dobson is hit by Auston Matthews and loses puck.
18:00 of 3rd period - Icing by Cale Makar.
18:01 of 3rd period - Elias Pettersson wins face-off versus Auston Matthews in Blues zone.
18:01 of 3rd period - Connor Bedard is hit by Filip Hronek and loses puck.
18:07 of 3rd period - Connor Bedard is hit by Filip Hronek and loses puck.
18:32 of 3rd period - Shot by Filip Hronek.
18:32 of 3rd period - Shot Blocked by Nicolas Hague.
19:04 of 3rd period - Jeff Petry is hit by Jack Eichel and loses puck.
19:11 of 3rd period - Shot by Pavel Zacha.
19:11 of 3rd period - Stopped by Carter Hart without a rebound.
19:12 of 3rd period - Michael Rasmussen wins face-off versus Ondrej Palat in Blues zone.
19:41 of 3rd period - Shot by Michael McLeod.
19:41 of 3rd period - Shot Hit the Post.
19:43 of 3rd period - Shot by Michael McLeod.
19:43 of 3rd period - Goal by Michael McLeod - Capitals : 2 - Blues : 3.
19:44 of 3rd period - Elias Pettersson wins face-off versus Nico Hischier in neutral zone.
19:47 of 3rd period - Capitals, Petr Mrazek is pulled from the net.
Goals for this period are 1 for Capitals vs 1 for Blues.
Shots for this period are 8 for Capitals vs 10 for Blues.